 Dungeon Crawl Stone Soup version 0.25.1-8-g42b30a86e7 (webtiles) character file.

Game seed: 6431676066720239514

27 Aviak the Insei (level 3, 28/28 HPs)
             Began as a Gnoll Transmuter on Dec 20, 2020.
             Quit the game on level 2 of the Dungeon.
             The game lasted 00:01:09 (1418 turns).

Aviak the Insei (Gnoll Transmuter)                  Turns: 1418, Time: 00:01:10

Health: 28/28      AC:  2    Str: 12    XL:     3   Next: 10%
Magic:  9/9        EV: 14    Int: 16    God:
Gold:   51         SH:  0    Dex: 15    Spells: 9/12 levels left

rFire    . . .     SeeInvis .     - Unarmed
rCold    . . .     Gourm    .   (no shield)
rNeg     . . .     Faith    .   b - +0 robe
rPois    .         Spirit   .   (no helmet)
rElec    .         Reflect  .   (no cloak)
rCorr    .         Harm     .   (no gloves)
MR       .....                  (no boots)
Stlth    ++........             (no amulet)
HPRegen  0.09/turn              (no ring)
MPRegen  0.11/turn              (no ring)

@: no status effects
A: distributed training, fangs 1, strong nose
a: no special abilities


You were on level 2 of the Dungeon.
You were hungry.

You visited 1 branch of the dungeon, and saw 2 of its levels.

You collected 51 gold pieces.

Inventory:

Missiles
 a - 33 arrows
Armour
 b - a +0 robe (worn)
 g - a +0 buckler
Scrolls
 h - a scroll of amnesia {unknown}
 i - a scroll of immolation {unknown}
 j - a scroll of fear {unknown}
 l - a scroll of magic mapping {unknown}
 m - a scroll of random uselessness {unknown}
 n - 2 scrolls of identify {unknown}
Potions
 c - a potion of lignification {unknown}
 e - a potion of heal wounds {unknown}
 f - a potion of berserk rage {unknown}
 k - a potion of stabbing {unknown}
Comestibles
 d - 6 rations


   Skills:
 + Level 2.5 Fighting
 + Level 0.6 Short Blades
 + Level 0.6 Long Blades
 + Level 0.6 Axes
 + Level 0.6 Maces & Flails
 + Level 0.6 Polearms
 + Level 0.6 Staves
 + Level 0.6 Slings
 + Level 0.6 Bows
 + Level 0.6 Crossbows
 + Level 0.6 Throwing
 + Level 0.6 Armour
 + Level 4.5 Dodging
 + Level 0.6 Stealth
 + Level 0.6 Shields
 + Level 6.5 Unarmed Combat
 + Level 5.0 Spellcasting
 + Level 0.4 Conjurations
 + Level 0.4 Hexes
 + Level 0.4 Charms
 + Level 0.4 Summonings
 + Level 0.4 Necromancy
 + Level 0.4 Translocations
 + Level 3.7 Transmutations
 + Level 0.4 Fire Magic
 + Level 0.4 Ice Magic
 + Level 0.4 Air Magic
 + Level 0.4 Earth Magic
 + Level 0.4 Poison Magic
 + Level 0.8 Invocations
 + Level 0.6 Evocations


You had 9 spell levels left.
You knew the following spells:

 Your Spells              Type           Power        Failure   Level  Hunger
a - Beastly Appendage     Tmut           ###...       3%          1    None
b - Sticks to Snakes      Tmut           ###.....     4%          2    #......

Your spell library contained the following spells:

 Spells                   Type           Power        Failure   Level  Hunger
 Spider Form              Tmut/Pois      ##........   19%         3    ###....
 Ice Form                 Ice/Tmut       ##......     54%         4    ####...
 Blade Hands              Tmut           ###.......   65%         5    ######.


Dungeon Overview and Level Annotations

Branches:
Dungeon (2/15)

Altars:


Innate Abilities, Weirdness & Mutations

Your experience applies equally to all skills.
You have very sharp teeth.
Your uncanny sense of smell can sniff out nearby items.


Message History

d - 6 rations (gained 1)
You see here 7 curare-tipped darts.
a - 33 arrows (gained 21) Key pressed, stopping explore.
No target in view!
Done exploring.
No target in view!
Done exploring.
No target in view!
Done exploring.
No target in view!
Done exploring.
No target in view!
Search for what [? for help]? leat
There is a stone staircase leading up here.
There is a stone staircase leading down here.
You are feeling hungry.
There are no items here.
You see here a leather armour.
Are you sure you want to abandon this character and quit the game? (Confirm with "yes".)

# #.#######.####.# #).).## #
#.....(...# #.# ##.###.##
#.........# #.# #..####.#
###...###.# ##.## #....##.#
#.....##.###...## #.##.##.#
#.............#.# ##.#.#.##
###..............## ##.[.##
#................#########.##
#...........###@........##.#
#...........#....######.##.#
####...###..#.#..#### #.##.#
#####>..# #..........# #.##.#
#.....<.# #.##.#####.###.##.#
#.####.## #.##.........#.##.#
#.# #.####.###.....(.......#
#.# #....#.# #.####.#....###
#.## ####.#.# #.# #.#.##.#


There were no monsters in sight!

Vanquished Creatures
  A worm (D:2)
  2 leopard geckos
  2 giant cockroaches (D:2)
  A goblin (D:1)
  4 hobgoblins
  2 jackals (D:1)
  2 kobolds (D:1)
  3 bats
  A frilled lizard (D:2)
  3 rats (D:1)
21 creatures vanquished.

Notes
Turn   | Place    | Note
-------+----------+-------------------------------------------
     0 | D:1      | Aviak the Gnoll Transmuter began the quest for the Orb.
     0 | D:1      | Reached XP level 1. HP: 17/17 MP: 6/6
   523 | D:1      | Reached XP level 2. HP: 23/23 MP: 7/7
  1061 | D:2      | Reached XP level 3. HP: 28/28 MP: 9/9
  1065 | D:2      | Learned a level 2 spell: Sticks to Snakes
  1090 | D:2      | Reached skill level 5 in Spellcasting
  1418 | D:2      | Quit the game

Illustrated notes

Levels and vault maps discovered:
D:1:      dpeg_arrival_tiny_a, layout_basic
D:2:      layout_loops_ring, first_ration

Skill      XL: |  1  2  3 |
---------------+----------+-----
Spellcasting   | 5 |  5.0
Fighting       | |  2.5
Short Blades   | |  0.6
Long Blades    | |  0.6
Axes           | |  0.6
Maces & Flails | |  0.6
Polearms       | |  0.6
Staves         | |  0.6
Slings         | |  0.6
Bows           | |  0.6
Crossbows      | |  0.6
Throwing       | |  0.6
Armour         | |  0.6
Dodging        | |  4.5
Stealth        | |  0.6
Shields        | |  0.6
Unarmed Combat | |  6.5
Conjurations   | |  0.4
Hexes          | |  0.4
Charms         | |  0.4
Summonings     | |  0.4
Necromancy     | |  0.4
Translocations | |  0.4
Transmutations | |  3.7
Fire Magic     | |  0.4
Ice Magic      | |  0.4
Air Magic      | |  0.4
Earth Magic    | |  0.4
Poison Magic   | |  0.4
Invocations    | |  0.8
Evocations     | |  0.6

Action                   || total
-------------------------++-------
Melee: Unarmed           ||    59
       Bite              ||     8
       Headbutt          ||     1
       Punch             ||     1
       Kick              ||     1
 Cast: Beastly Appendage ||     6
 Stab: Sleeping          ||     2
  Eat: Chunk             ||     1
Armor: Robe              ||    10
Dodge: Dodged            ||    58
